 Dungeon Crawl Stone Soup version 0.20-a0-201-g851c6fa (webtiles) character file.

177 patrickswayze the Sneak (level 5, -1/31 HPs)
             Began as a Deep Elf Chaos Knight on Nov 25, 2016.
             Slain by an orc wizard
             ... wielding a +0 rapier
              (5 damage)
             ... on level 4 of the Dungeon.
             The game lasted 00:06:02 (2953 turns).

patrickswayze the Sneak (Deep Elf Chaos Knight)     Turns: 2953, Time: 00:06:02

Health: -1/31      AC:  3    Str:  9      XL:     5   Next: 31%
Magic:  7/7        EV: 12    Int: 16 (17) God:    Xom [......]
Gold:   68         SH:  0    Dex: 15      Spells: 4/4 levels left

rFire  . . .     SeeInvis .     a - +0 short sword (chaos)
rCold  . . .     Gourm    .     b - +2 leather armour
rNeg   . . .     Faith    .     (no shield)
rPois  .         Spirit   .     (helmet restricted)
rElec  .         Reflect  .     (no cloak)
rCorr  .         Harm     .     (no gloves)
MR     .....                    (no boots)
Stlth  +.........               (no amulet)
                                (no ring)
                                (no ring)

@: confused
A: horns 1, deformed body, deterioration 2
a: Renounce Religion


You were on level 4 of the Dungeon.
You worshipped Xom.
You were a very special plaything of Xom.
You were hungry.

You visited 1 branch of the dungeon, and saw 4 of its levels.

You collected 68 gold pieces.


Innate Abilities, Weirdness & Mutations

You have a pair of small horns on your head.
Armour fits poorly on your strangely shaped body.
Your body often deteriorates upon taking damage.


   Skills:
 - Level 2.4 Fighting
 - Level 3.0 Short Blades
 - Level 0.7 Armour
 - Level 2.4 Dodging
 + Level 6.7 Stealth


You had 4 spell levels left.
You didn't know any spells.

Inventory:

Hand Weapons
 a - a +0 short sword of chaos (weapon)
Missiles
 m - 92 stones (quivered)
Armour
 b - a +2 leather armour (worn)
Scrolls
 p - a scroll of enchant armour {unknown}
 q - a scroll of enchant weapon {unknown}
Comestibles
 c - 3 bread rations
 d - a royal jelly
 i - 2 meat rations
 k - a beef jerky


Message History

"Over there now!"
The orc wizard blinks!
You feel better.
A dart slug comes into view.
You barely miss the orc wizard.
You headbutt the orc wizard, but do no damage.
The orc wizard is heavily wounded.
The orc wizard is engulfed in seething chaos.
The orc wizard seems to speed up.
The orc wizard hits you with a rapier!
* * * LOW HITPOINT WARNING * * *
You closely miss the orc wizard.
The orc wizard is heavily wounded.
You are engulfed in seething chaos.
The orc wizard is engulfed in seething chaos.
The orc wizard seems to slow down.
The orc wizard gestures at you while chanting.
You are confused.
Unknown command.
You're too confused to move!
The orc wizard hits you with a rapier.
You die...

.# .# ##.# ...#
#..## ##...##
##.#####.....##
w.w..........?##
..###...@¤¤¤..#
#....o.¤..#
#.....¤¤..#
##...¤...##
#......%#
#.......#
##.....##
##...## #.###


You could see an orc wizard and a dart slug (wandering).

Vanquished Creatures
  An orc priest (D:3)
  An orc wizard (D:3)
  Ijyb (D:3)
  2 adders (D:2)
  A dart slug (D:3)
  A leopard gecko (D:3)
  2 orcs (D:3)
  11 bats
  A giant cockroach (D:2)
  8 hobgoblins
  14 jackals
  A quokka (D:2)
  4 frilled lizards
  4 goblins
  9 kobolds
  5 rats
66 creatures vanquished.

Notes
Turn   | Place    | Note
-------+----------+-------------------------------------------
     0 | D:1      | patrickswayze the Deep Elf Chaos Knight began the quest for the Orb.
     0 | D:1      | Reached XP level 1. HP: 13/13 MP: 3/3
    61 | D:1      | Reached skill level 1 in Stealth
    77 | D:1      | Reached skill level 2 in Stealth
   104 | D:1      | Reached XP level 2. HP: 7/18 MP: 4/4
   251 | D:1      | XOM: harmless Air miscast
   385 | D:1      | XOM: harmless Pois miscast
   452 | D:1      | Reached skill level 3 in Stealth
   708 | D:2      | XOM: divination: magic mapping
   712 | D:2      | XOM: butterfly on damage
   715 | D:2      | Found a bloodstained altar of Trog.
   715 | D:2      | XOM: 2-stop teleportation journey
   743 | D:2      | Found a faded altar of an unknown god.
  1053 | D:1      | XOM: scenery: 1 doors close
  1176 | D:2      | XOM: 1-stop teleportation journey
  1200 | D:2      | XOM: swap monsters
  1201 | D:2      | Reached XP level 3. HP: 22/22 MP: 5/5
  1334 | D:2      | Reached skill level 4 in Stealth
  1498 | D:2      | XOM: give mutation
  1498 | D:2      | Gained mutation: You are clumsy. (Dex -2) [Xom's mischief]
  1685 | D:2      | XOM: give mutation
  1685 | D:2      | Gained mutation: You have a pair of small horns on your head. [Xom's mischief]
  2049 | D:2      | XOM: mild Hex miscast
  2135 | D:2      | XOM: summons 1 hostile demon
  2202 | D:2      | Reached XP level 4. HP: 18/27 MP: 6/6
  2285 | D:2      | XOM: stat loss: -1 Int (16/17)
  2340 | D:3      | XOM: summons 2 hostile demons
  2403 | D:3      | Reached skill level 5 in Stealth
  2656 | D:3      | Reached skill level 6 in Stealth
  2656 | D:3      | Reached XP level 5. HP: 16/31 MP: 7/7
  2699 | D:3      | Found an iron altar of Okawaru.
  2699 | D:3      | XOM: 1-stop teleportation journey
  2700 | D:3      | Noticed Ijyb
  2713 | D:3      | XOM: noise
  2733 | D:3      | Killed Ijyb
  2785 | D:3      | XOM: god gift: 24 gold pieces
  2805 | D:3      | XOM: mild Divn miscast
  2836 | D:3      | XOM: 1-stop teleportation journey
  2920 | D:3      | XOM: give mutations
  2920 | D:3      | Gained mutation: Your body sometimes deteriorates upon taking damage. [Xom's mischief]
  2920 | D:3      | Lost mutation: You are clumsy. (Dex -2) [Xom's mischief]
  2920 | D:3      | Gained mutation: Armour fits poorly on your strangely shaped body. [Xom's mischief]
  2920 | D:3      | Gained mutation: Your body often deteriorates upon taking damage. [Xom's mischief]
  2935 | D:4      | XOM: chaos cloud
  2938 | D:4      | XOM: noise
  2941 | D:4      | HP: 3/31 [orc wizard/rapier (5)]
  2944 | D:4      | XOM: blink monster(s)
  2950 | D:4      | HP: 4/31 [orc wizard/rapier (7)]
  2953 | D:4      | Slain by an orc wizard

Vault maps used:
D:1:      tarquinn_simple_flora_water_f
D:2:      bloody_trog, chequers_ecumenical_altar_simple, serial_glass,
          glass_columns_a, glass_columns_c
D:3:      okawaru_altar_gauntlet_db, uniq_iyjb
D:4:      kennysheep_slugbush, first_bread, minmay_splitting_lines

Action                   |  1- 3 |  4- 6 || total
-------------------------+-------+-------++-------
Melee: Short sword       |   140 |    65 ||   205
       Headbutt          |     4 |    10 ||    14
Throw: Stone             |       |     1 ||     1
  Use: Potion            |     1 |     3 ||     4
       Scroll            |       |     4 ||     4
 Stab: Paralysed         |     1 |       ||     1
       Sleeping          |     5 |     4 ||     9
       Confused          |     1 |       ||     1
  Eat: Chunk             |     4 |     2 ||     6
Armor: Leather armour    |    56 |    24 ||    80
Dodge: Dodged            |   114 |    62 ||   176
